 Dungeon Crawl Stone Soup version 0.22-a0-858-g985ef60 (webtiles) character file.

82 Amnesiac the Vexing (level 4, -7/30 HPs)
             Began as a Mummy Enchanter on July 27, 2018.
             Mangled by a gnoll
             ... wielding a +0 flail
              (9 damage)
             ... on level 3 of the Dungeon.
             The game lasted 00:06:12 (1190 turns).

Amnesiac the Vexing (Mummy Enchanter)               Turns: 1190, Time: 00:06:13

Health: -7/30      AC:  4    Str: 11    XL:     4   Next: 21%
Magic:  1/18       EV: 12    Int: 15    God:
Gold:   12         SH:  0    Dex: 12    Spells: 3/10 levels left

rFire    x . .     SeeInvis .   a - +1 dagger
rCold    + . .     Gourm    .   (no shield)
rNeg     + + +     Faith    .   b - +0 robe
rPois    ∞         Spirit   .   d - +0 helmet
rElec    .         Reflect  .   (no cloak)
rCorr    .         Harm     .   (no gloves)
MR       .....                  c - +0 pair of boots
Stlth    ++........             (no amulet)
HPRegen  0.10/turn              f - ring of magical power
MPRegen  0.16/turn              (no ring)

@: no status effects
A: no food or potions, fire vulnerability, cold resistance 1, negative energy
resistance 3, torment resistance, unbreathing
a: no special abilities


You were on level 3 of the Dungeon.
You were not hungry.

You visited 1 branch of the dungeon, and saw 4 of its levels.

You collected 12 gold pieces.

Inventory:

Hand Weapons
 a - a +1 dagger (weapon)
Armour
 b - a +0 robe (worn)
 c - a +0 pair of boots (worn)
 d - a +0 helmet (worn)
Jewellery
 f - a ring of magical power (left hand)
Scrolls
 e - a scroll of enchant armour {!r, unknown}


   Skills:
 - Level 1.0 Short Blades
 - Level 1.5 Dodging
 - Level 2.4 Stealth
 + Level 3.8 Spellcasting
 * Level 4.0 Hexes


You had 3 spell levels left.
You knew the following spells:

 Your Spells              Type           Power        Failure   Level  Hunger
a - Corona                Hex            ###....      3%          1    N/A
e - Confuse               Hex            ###.....     11%         3    N/A
w - Tukima's Dance        Hex            ###.....     11%         3    N/A

Your spell library contained the following spells:

 Spells                   Type           Power        Failure   Level  Hunger
 Apportation              Tloc           #.....       19%         1    N/A
 Summon Small Mammal      Summ           #...         19%         1    N/A
 Animate Skeleton         Necr           N/A          19%         1    N/A
 Confusing Touch          Hex            ###...       3%          1    N/A
 Ensorcelled Hibernation  Hex/Ice        #.....       12%         2    N/A
 Dazzling Spray           Conj/Hex       #.....       24%         3    N/A

Dungeon Overview and Level Annotations

Branches:
Dungeon (4/15)
 Temple: D:4-7

Altars:
Ashenzari
Ru

Portals:
Sewer: D:4


Innate Abilities, Weirdness & Mutations

You do not eat or drink.
Your flesh is vulnerable to fire.
You are immune to poison.
Your flesh is cold resistant. (rC+)
You are immune to negative energy. (rN+++)
You are immune to unholy pain and torment.
You can survive without breathing.


Message History

Confirm with . or Enter, or press ? or * to list all spells.
Aiming: Confuse (safe; 11% risk of failure)
Press: ? - help, Shift-Dir - straight line, f - leopard gecko
Aim: a leopard gecko (clinging, chance to defeat MR: 63%)
The leopard gecko appears confused.
The leopard gecko closely misses the leopard gecko.
Unknown command.
You strike the helpless leopard gecko from behind!
You puncture the leopard gecko!
You kill the leopard gecko!
The leopard gecko bites you.
* * * LOW HITPOINT WARNING * * *
The leopard gecko closely misses you.
Okay, then.
The leopard gecko bites you.
* * * LOW HITPOINT WARNING * * *
Really read
f - a scroll of teleportation {!r}?
As you read the scroll of teleportation {!r}, it crumbles to dust.
You feel strangely unstable. The leopard gecko misses you.
Your surroundings suddenly seem different.
You see here a scroll labeled CULIC GITUYS {!r}.
e - a scroll labeled CULIC GITUYS {!r} The gnoll shouts!
You hear a shout!
You see here a shiny diamond ring.
f - a shiny diamond ring The kobold unwields an uncursed blowgun.
The kobold wields an uncursed dagger of venom.
It begins to drip with poison!
The kobold hits you but does no damage.
Put on which piece of jewellery? (? for menu, Esc to quit)
You feel your magic capacity increase.
f - a ring of magical power (left hand)
Casting: Confuse (safe; 11% risk of failure)
Confirm with . or Enter, or press ? or * to list all spells.
Aiming: Confuse (safe; 11% risk of failure)
Press: ? - help, Shift-Dir - straight line, f - kobold
Aim: a kobold, wielding a dagger of venom (chance to defeat MR: 63%)
The kobold resists with significant effort.
The kobold barely misses you.
Unknown command.
The kobold hits you with an uncursed dagger of venom.
* * * LOW HITPOINT WARNING * * *
A kobold opens the door.
Found a sacrificial altar of Ru.
A ball python and an adder come into view.
The adder moves out of view.
The ball python moves out of view.
Okay, then.
Casting: Confuse (safe; 11% risk of failure)
Confirm with . or Enter, or press ? or * to list all spells.
Aiming: Confuse (safe; 11% risk of failure)
Press: ? - help, Shift-Dir - straight line, f/p - kobold
Aim: a kobold, wielding a dagger of venom (chance to defeat MR: 63%)
The kobold appears confused.
Unknown command.
You hit the kobold.
The kobold is heavily wounded.
The kobold ponders the situation.
You hit the kobold.
The kobold is severely wounded.
The gnoll completely misses you.
You catch the helpless kobold completely off-guard!
You hit the kobold.
You kill the kobold!
The gnoll hits you with a flail!
You die...

#...#
#...#
#.S
#.###
... #.##
##._
#..##...
##..#.S
#..#.
#..)###
#..g@.#
#######


You could see a gnoll.

Vanquished Creatures
  A centaur skeleton (D:4)
  3 adders (D:4)
  A dart slug (D:1)
  2 leopard geckos
  An orc (D:4)
  3 giant cockroaches
  2 hobgoblins
  4 jackals (D:2)
  2 bats (D:2)
  2 kobolds
  A quokka skeleton (D:4)
  2 rats
24 creatures vanquished.

Vanquished Creatures (others)
  A dancing weapon (D:4)
1 creature vanquished.

Grand Total: 25 creatures vanquished

Notes
Turn   | Place    | Note
-------+----------+-------------------------------------------
     0 | D:1      | Amnesiac the Mummy Enchanter began the quest for the Orb.
     0 | D:1      | Reached XP level 1. HP: 13/13 MP: 4/4
   247 | D:2      | Reached skill level 1 in Short Blades
   268 | D:2      | Reached skill level 3 in Hexes
   268 | D:2      | Reached XP level 2. HP: 17/19 MP: 1/5
   642 | D:2      | Found a shattered altar of Ashenzari.
   786 | D:4      | Reached XP level 3. HP: 12/24 MP: 5/7
   791 | D:4      | Learned a level 3 spell: Confuse
   795 | D:4      | Learned a level 3 spell: Tukima's Dance
   969 | D:4      | Reached XP level 4. HP: 10/30 MP: 0/9
  1086 | D:4      | Found a glowing drain.
  1091 | D:4      | Reached skill level 4 in Hexes
  1147 | D:3      | HP: 1/30 [leopard gecko (5)]
  1176 | D:3      | HP: 1/30 [kobold/uncursed dagger of venom (3)]
  1183 | D:3      | Found a sacrificial altar of Ru.
  1190 | D:3      | Mangled by a gnoll

Vault maps used:
D:1:      dpeg_arrival_rooms_b, nrook_mini_backslash
D:2:      ashenzari_conservatory_becter, first_ration, minmay_goblin_outpost
D:3:      nicolae_ru_great_annihilating_truth,
          chequers_temple_overflow_minitemple, minmay_close_crescents
D:4:      gup_sewer_entry_glass

Skill      XL: |  1  2  3  4 |
---------------+-------------+-----
Short Blades   | 1 |  1.0
Hexes          | 3 4 |  4.0
Spellcasting   | 3 |  3.8
Dodging        | |  1.5
Stealth        | |  2.4

Action                   |  1- 3 |  4- 6 || total
-------------------------+-------+-------++-------
Melee: Dagger            |    93 |    15 ||   108
 Cast: Corona            |    21 |       ||    21
       Confuse           |     3 |     7 ||    10
       Tukima's Dance    |     1 |       ||     1
  Use: Scroll            |     1 |     1 ||     2
 Stab: Sleeping          |     1 |       ||     1
       Confused          |     1 |     3 ||     4
Armor: Robe              |    27 |     4 ||    31
Dodge: Dodged            |    73 |    15 ||    88

Table legend:
 A = Spawn XP
 B = Non-spawn XP
 C = Spawn XP percentage of total XP
 D = Spawn monster count
 E = Non-spawn monster count
 F = Spawn count percentage of total count
 G = Total turns spent on level
                    A         B        C        D         E        F      G
               +---------+---------+-------+---------+---------+-------+---------
         Total |       0 |     118 |   0.0 |       0 |      24 |   0.0 |  1190
               +---------+---------+-------+---------+---------+-------+---------
           D:1 |       0 |       9 |   0.0 |       0 |       4 |   0.0 |   252
           D:2 |       0 |      13 |   0.0 |       0 |       8 |   0.0 |   415
           D:3 |       0 |       7 |   0.0 |       0 |       3 |   0.0 |   108
           D:4 |       0 |      89 |   0.0 |       0 |       9 |   0.0 |   415
               +---------+---------+-------+---------+---------+-------+---------
